 Dungeon Crawl Stone Soup version 0.28.0-49-g6dfe1f597d (webtiles) character file.

Game seed: 13325213181976839485

68 Exodus22XD the Sneak (level 4, 0/24 HPs)
             Began as a Kobold Enchanter on May 15, 2022.
             Slain by a rat (2 damage)
             ... on level 1 of the Dungeon.
             The game lasted 00:01:41 (1689 turns).

Exodus22XD the Sneak (Kobold Enchanter)             Turns: 1689, Time: 00:01:42

Health: 0/24       AC:  2    Str:  5    XL:     4   Next: 41%
Magic:  4/7        EV: 15    Int: 16    God:
Gold:   43         SH:  0    Dex: 17    Spells: 5/7 levels left

rFire   . . .      SeeInvis .   a - +1 dagger
rCold   . . .      Faith    .   (no shield)
rNeg    . . .      Spirit   .   b - +0 robe
rPois   .          Reflect  .   (no helmet)
rElec   .          Harm     .   (no cloak)
rCorr   .          Rampage  .   (no gloves)
Will    .....                   (no boots)
Stlth   +++++.....              (no amulet)
HPRegen 0.08/turn               (no ring)
MPRegen 0.10/turn               (no ring)

@: no status effects
A: small, no large weapons, nightstalker 3
a: no special abilities


You were on level 1 of the Dungeon.
You visited 1 branch of the dungeon, and saw 2 of its levels.

You collected 43 gold pieces.

Inventory:

Hand Weapons
 a - a +1 dagger (weapon)
Missiles
 j - a throwing net (quivered)
Armour
 b - a +0 robe (worn)
Scrolls
 d - a scroll of identify {unknown}
 f - 2 scrolls of enchant armour {unknown}
 i - a scroll of vulnerability {unknown}
Potions
 c - a potion of invisibility
 e - a potion of magic {unknown}
 g - 2 potions of flight {unknown}
 h - a potion of lignification {unknown}


   Skills:
 - Level 1.3 Short Blades
 - Level 2.4 Dodging
 + Level 6.9 Stealth
 - Level 2.1 Spellcasting
 - Level 3.0 Hexes


You had 5 spell levels left.
You knew the following spells:

 Your Spells              Type           Power      Damage    Failure   Level
a - Ensorcelled Hibernat  Hex/Ice        12%        N/A       17%         2

Your spell library contained the following spells:

 Spells                   Type           Power      Damage    Failure   Level
 Confusing Touch          Hex            11%        N/A       19%         3
 Tukima's Dance           Hex            11%        N/A       19%         3
 Dazzling Flash           Conj/Hex       12%        N/A       32%         3


Dungeon Overview and Level Annotations

Branches:
Dungeon (2/15)

Altars:


Innate Abilities, Weirdness & Mutations

You are small and have problems with some larger weapons.
You are completely attuned to the shadows.


Message History

Aiming: Ensorcelled Hibernation (safe; 17% risk of failure)
Press: ? - help, Shift-Dir - straight line, f/p - adder
Aim: an adder (chance to affect: 49%)
The adder resists with some effort.
You feel sick. The rat misses you. The adder bites you.
Casting: Ensorcelled Hibernation (safe; 17% risk of failure)
Confirm with . or Enter, or press ? or * to list all spells.
You don't have enough magic to cast this spell.
Unknown command.
Unknown command.
You feel sick.
You feel sick. The adder bites you.
You are more poisoned.
The adder poisons you! The adder closely misses you.
* * * LOW HITPOINT WARNING * * *
You feel sick.
* * * LOW HITPOINT WARNING * * *
You feel sick.
* * * LOW HITPOINT WARNING * * *
You feel sick.
* * * LOW HITPOINT WARNING * * *
You feel sick.
* * * LOW HITPOINT WARNING * * *
You feel sick.
* * * LOW HITPOINT WARNING * * *
You feel sick.
You are no longer poisoned.
You see here a +0 dagger.
You see here 12 stones.
There is a stone staircase leading up here.
The rat barely misses you.
You climb upwards.
There is a stone staircase leading down here.
You barely miss the rat. The rat bites you but does no damage.
You completely miss the rat. The rat bites you.
* * * LOW HITPOINT WARNING * * *
You hit the rat but do no damage. The rat barely misses you.
You closely miss the rat. The rat closely misses you.
You hit the rat but do no damage. The rat bites you.
You die...

...............#...#
....†.....####.#.#.#
....).....)....#.#.#
..........######.#.#
####......# #.#.#
.####+##.## #.#.#
.......#.#######.#.#
.###.(...##.(..r...#
................@###
.#.....#..#.######
.......#....########
.....#.#...........#
##...#.#...........#
.#.....#...........#
.###.###..#........#
.....# #..#.....[..#
.#.#.# #..##########


You could see a rat.

Vanquished Creatures
  Terence (D:2)
  An adder (D:2)
  4 ball pythons
  3 bats (D:1)
  4 endoplasms (D:1)
  A giant cockroach (D:1)
  5 goblins
  A hobgoblin (D:1)
  3 quokkas (D:1)
  3 frilled lizards
  4 kobolds
  A rat (D:2)
31 creatures vanquished.

Notes
Turn   | Place    | Note
-------+----------+-------------------------------------------
     0 | D:1      | Exodus22XD the Kobold Enchanter began the quest for the
                  | Orb.
     0 | D:1      | Reached XP level 1. HP: 10/10 MP: 3/3
   109 | D:1      | Reached XP level 2. HP: 6/15 MP: 5/5
   117 | D:1      | Learned a level 2 spell: Ensorcelled Hibernation
   310 | D:1      | Reached skill level 5 in Stealth
   741 | D:1      | Reached XP level 3. HP: 19/19 MP: 6/6
  1212 | D:2      | Noticed Terence
  1216 | D:2      | Killed Terence
  1217 | D:2      | Reached skill level 6 in Stealth
  1217 | D:2      | Reached XP level 4. HP: 19/24 MP: 4/7
  1668 | D:2      | HP: 1/24 [poisoned by an adder]
  1689 | D:1      | Slain by a rat

Illustrated notes

Levels and vault maps discovered:
D:1:      roderic_chinese_lattice_arrival, layout_basic
D:2:      layout_rooms, uniq_terence

Skill      XL: |  1  2  3 |
---------------+----------+-----
Stealth        | 5 6 |  6.9
Short Blades   | |  1.3
Dodging        | |  2.4
Spellcasting   | |  2.1
Hexes          | |  3.0

Action                   |  1- 3 |  4- 6 || total
-------------------------+-------+-------++-------
Melee: Dagger            |    71 |    22 ||    93
 Cast: Ensorcelled Hiber |     5 |     4 ||     9
 Stab: Sleeping          |    18 |     1 ||    19
Armor: Robe              |     5 |     6 ||    11
Dodge: Dodged            |    41 |    16 ||    57
